caesar, neutral male human Barbarian ---- --------- |<..-- ------.......-- ------- --------------- |.....---|.........--..| |.....| ---- |.............| --..|....|.---------|..| |.._..| ..)(| --.--- --.----+- -.|-....)---- ---- |.....| --- ....|--- |..| --.| .........|--- ----- ---|--- +.| -..|..---|..|--+-.%--- --.|....|..-- -...-- |.| |.| ---|-.....-.--........--+- -..|.)%.|.....---- |.| |.|-----..%...--............@...| ------ |..|.[...........---.-- |.-..||.......-|..--------@--..-- |..%%| -..%.).---. .........----- |.|..||...{....|--|.......@.|..-- |.!..| |........| |.........%.---|.|..|--.......| |/?.)+..%%|...| ---|-- ---....-------...---......-|.|------....--| -----------...| ---- -.---.. ...-|..|..|-...| .---...|.--..|...|....|------ |.......-- |..|-.........|..--|..|..|--.... --..%.|....[...---...-|..((| |.------- |..-...............-|---.-----..-|..........--....|-...-.(.(| |.|...| -----.....{....----...............|...`).... --...|...-|...(| |.|...| |..............-- --+--.---------.........- |........|------ |.--|-| -+-----.........| |.|.(.(| --......%- |...|....|--------.....| --..------- |.-.((%| ---...--- --..|...--......|...{..+ ---- --|.(((| ----- -----.....----........| ------ ------- ---------- caesar the Bandit Experience level: 7 Strength: 18 Dexterity: 18 Constitution: 18 Intelligence: 8 Wisdom: 7 Charisma: 6 Health: 0(77) Energy: 14(14) Def: 11 Gold: 0 Moves: 5170 Dungeon seed: TGum2pswd_c26gXZ Game ID: caesar_1512342081 Your Inventory: Weapons Q - the rustproof +0 Cleaver (weapon in hands) Armor e - an uncursed +0 ring mail (being worn) r - an uncursed +4 pair of iron shoes (being worn) u - an uncursed +0 dwarvish iron helm (being worn) N - an uncursed +0 dwarvish cloak (being worn) Scrolls f - an uncursed scroll of destroy armor h - 2 uncursed scrolls of magic mapping j - a blessed scroll of identify D - 3 uncursed scrolls of teleportation F - an uncursed scroll of charging Spellbooks K - an uncursed spellbook of teleport away Potions g - a blessed potion of object detection Wands B - a wand of digging (0:4) R - a wand of digging (0:7) Tools a - an uncursed oil lamp (0:1308) d - a +0 pick-axe i - an uncursed oil lamp (0:1464) k - an uncursed mirror l - a +0 unicorn horn p - an uncursed skeleton key q - 16 uncursed tallow candles (0:200) t - an uncursed towel v - 4 uncursed wax candles (0:400) x - an uncursed oil lamp (0:1394) I - an uncursed sack J - an uncursed bag of holding U - an uncursed oilskin sack W - a can of grease (0:20) X - a can of grease (0:11) Y - an uncursed oil lamp (0:1449) Z - a +0 unicorn horn Spells and supernatural/magical abilities: Name Level Category Fail Memory W - pray for help -- divine ? -- Your skills at the end: Fighting Skills bare handed combat [Basic] Weapon Skills axe [Basic] short sword [Basic] Spellcasting Skills Final Attributes: You were piously aligned. You were poison resistant. You were stunned. You were confused. You were telepathic. You were fast. You were lucky. You are dead. Vanquished creatures: 4 small mimics a djinni a watchman a gnome king a dwarf lord a white unicorn a black unicorn 2 soldier ants 4 fire ants an imp a mountain nymph a rock mole a yellow light 6 gnome lords 2 gnomish wizards a black naga hatchling a gray ooze an elf zombie a paper golem 2 baby crocodiles a giant ant 2 little dogs a floating eye 11 dwarves 2 homunculi a centipede a giant bat a dwarf zombie a werejackal an iguana 3 coyotes 2 hobbits a giant rat a cave spider a yellow mold 2 green molds 30 gnomes 2 garter snakes a gecko 6 jackals a fox a goblin a sewer rat 4 grid bugs 5 lichens 2 kobold zombies 2 newts 121 creatures vanquished. Voluntary challenges: You used a wielded weapon 142 times, starting on turn 2. You read items or engraved 5 times, starting on turn 2227. You never genocided any monsters. You never polymorphed an object. You never changed form. You used no wishes. You never split a pudding. You wrote Elbereth's name 2 times, starting on turn 2227. You violated your moral code, losing 25 points of alignment, starting on turn 826. Dungeon overview: The Dungeons of Doom: levels 1 to 6 Level 1 a long staircase Level 2 an altar to Crom, some fountains stairs to The Gnomish Mines Level 3 a potion shop, a fountain Level 4 a general store, some fountains Level 5 a general store, a fountain Level 6 The Gnomish Mines: levels 3 to 6 Level 3 stairs to The Dungeons of Doom Level 4 Level 5 Level 6 <- You were here many shops, a temple to Crom, some fountains History has recorded: On T:1 you entered the Dungeons of Doom to retrieve the Amulet of Yendor! On T:87 you reached level 2 of The Dungeons of Doom. On T:349 you advanced to experience level 2. On T:488 you reached level 1 of The Gnomish Mines. On T:506 you reached level 3 of The Dungeons of Doom. On T:826 you advanced to experience level 3. On T:828 you advanced to experience level 4. On T:911 you reached level 2 of The Gnomish Mines. On T:937 you advanced to experience level 5. On T:1548 you reached level 3 of The Gnomish Mines. On T:1564 you advanced to experience level 6. On T:2490 you reached level 4 of The Dungeons of Doom. On T:2529 you reached level 5 of The Dungeons of Doom. On T:2936 you reached level 6 of The Dungeons of Doom. On T:3737 you received Cleaver from Crom. On T:4077 you reached level 4 of The Gnomish Mines. On T:4325 you advanced to experience level 7. Score breakdown: Gold: 0 ( 0 points) Experience: 7 levels (13645 points) Exploration: 6 levels ( 12.77%) ( 9890 points) Discoveries: 12 items ( 4.90%) ( 6639 points) Valuables value: (no points given unless you survive) Artifact value: 1500 (10804 points) Variety of kills: 47 monsters ( 12.34%) (10536 points) Turncount: 5170 turns (-1404 points) Survival: died (score multiplied by 80%) Total score: 40088 Latest messages: You can see again. Abitibi zaps a wand of striking! The wand misses you. The wand misses the watchman. You feel incredibly sick. "So, caesar, you dare return to Abitibi's general store?!" "Leave the pick-axe outside." Abitibi zaps a wand of striking! The wand hits you! Abitibi zaps a wand of striking! The wand misses you. You bump into Abitibi. Abitibi zaps a wand of striking! The wand hits you! You die... Abitibi takes all your possessions. The sack is empty. The bag of holding is empty. The oilskin sack is empty. The sack is empty. The bag of holding is empty. The oilskin sack is empty. Final status: Goodbye caesar the Barbarian, killed by a wand... You died in The Gnomish Mines on dungeon level 6 with 40088 points, and 0 pieces of gold, after 5170 moves. You were level 7 with a maximum of 77 hit points when you died.